General information
			
			
        
        - name: BNet
 
        - type: Ladder team game (AT/RT)
 
        - host: Battle.net
 
        - saver: ASIANDlCKSARE
 
        
map: SilverpineForest 
        - players: 6
 
        - length: 95:46
 
        - speed: Fast
 - version: 1.22 W3XP
 - replay type:  Public
 
» download(755 KB)
Players
        team 1 (loser) 
              
              
» 
Help_PeacE (
yellow | 94 APM | 8993 actions | 95:40)
              
 7 Keeper of the Grove 
 3 Entangling Roots
 2 Thorns Aura
 1 Force of Nature
 1 Tranquility
 3 Pandaren Brewmaster 
 2 Breath of Fire
 1 Drunken Haze
 
                » actions 
                
                | Assign group hotkey | 52 |  | 
| Basic commands | 137 |  | 
| Build / train | 178 |  | 
| ESC pressed | 8 |  | 
| Enter build submenu | 85 |  | 
| Enter hero's abilities submenu | 10 |  | 
| Give item / drop item | 3 |  | 
| Remove unit from queue | 1 |  | 
| Right click | 4410 |  | 
| Select / deselect | 1232 |  | 
| Select group hotkey | 2250 |  | 
| Use ability | 626 |  | 
                8993 total
 » units 
                
                | Wisp | 98 |  | 
| Huntress | 3 |  | 
| Dryad | 2 |  | 
| Druid of the Talon | 4 |  | 
| Druid of the Claw | 3 |  | 
| Chimaera | 13 |  | 
| Goblin Shredder | 1 |  | 
| Goblin Zeppelin | 2 |  | 
                126 total
 » upgrades
                
                | Abolish Magic | 1 |  | 
| Ultravision | 1 |  | 
| Druid of the Talon Training | 2 |  | 
| Druid of the Claw Training | 2 |  | 
| Well Spring | 1 |  | 
| Strength of the Wild | 3 |  | 
| Corrosive Breath | 1 |  | 
| Nature's Blessing | 1 |  | 
| Reinforced Hides | 3 |  | 
                15 total
 » buildings
                
                | Altar of Elders | 2 |  | 
| Moon Well | 16 |  | 
| Ancient of War | 2 |  | 
| Hunter's Hall | 2 |  | 
| Tree of Ages | 2 |  | 
| Ancient of Wonders | 3 |  | 
| Ancient of Wind | 2 |  | 
| Ancient of Lore | 3 |  | 
| Ancient Protector | 46 |  | 
| Tree of Life | 9 |  | 
| Tree of Eternity | 2 |  | 
| Chimaera Roost | 5 |  | 
                94 total
 » build order
                00:10 Altar of Elders
00:20 Moon Well
01:45 Moon Well
02:02 Ancient of War
02:11 Hunter's Hall
02:52 Tree of Ages
03:04 Moon Well
03:52 Ancient of Wonders
05:17 Ancient of Wind
05:21 Ancient of Lore
05:38 Ancient Protector
06:43 Tree of Life
07:29 Ancient Protector
08:24 Ancient Protector
08:52 Moon Well
08:58 Tree of Eternity
09:46 Moon Well
10:46 Moon Well
11:23 Chimaera Roost
11:27 Chimaera Roost
11:51 Ancient Protector
12:42 Ancient Protector
14:18 Moon Well
15:53 Ancient Protector
15:54 Ancient Protector
17:05 Tree of Life
17:20 Ancient Protector
18:17 Moon Well
18:21 Tree of Life
19:05 Ancient Protector
19:06 Ancient Protector
20:18 Tree of Life
20:19 Ancient Protector
20:20 Ancient Protector
20:21 Ancient Protector
20:21 Ancient Protector
22:59 Ancient Protector
23:00 Ancient Protector
23:01 Ancient Protector
23:05 Ancient Protector
25:03 Ancient Protector
26:08 Moon Well
26:09 Moon Well
26:58 Moon Well
26:59 Moon Well
26:59 Moon Well
28:42 Moon Well
28:46 Hunter's Hall
28:50 Tree of Life
29:18 Moon Well
29:35 Tree of Ages
29:43 Ancient of Wonders
30:03 Ancient Protector
30:06 Ancient Protector
31:55 Tree of Life
33:06 Ancient Protector
33:08 Ancient Protector
34:14 Ancient Protector
34:27 Ancient Protector
34:31 Tree of Life
34:36 Ancient Protector
36:11 Ancient Protector
36:12 Ancient Protector
36:13 Ancient Protector
36:14 Ancient Protector
37:37 Tree of Life
37:39 Ancient Protector
37:45 Ancient Protector
38:26 Ancient Protector
39:48 Altar of Elders
39:57 Ancient of Wind
40:08 Tree of Life
40:10 Ancient Protector
40:12 Ancient Protector
41:17 Ancient Protector
41:23 Tree of Eternity
41:33 Ancient of War
42:06 Ancient of Lore
42:17 Ancient Protector
42:19 Ancient Protector
42:22 Ancient Protector
42:26 Ancient Protector
42:31 Ancient Protector
42:50 Ancient Protector
43:16 Ancient Protector
45:08 Chimaera Roost
45:14 Chimaera Roost
47:39 Moon Well
47:57 Ancient of Lore
53:39 Chimaera Roost
58:48 Ancient of Wonders
60:04 Ancient Protector
60:08 Ancient Protector
60:29 Ancient Protector
» items
                
                | Lesser Clarity Potion | 2 |  | 
| Staff of Preservation | 2 |  | 
| Dust of Appearance | 1 |  | 
| Potion of Healing | 1 |  | 
| Orb of Venom | 1 |  | 
| Potion of Mana | 1 |  | 
| Boots of Speed | 1 |  | 
| Potion of Lesser Invulnerability | 1 |  | 
| Scroll of Healing | 1 |  | 
                11 total
  
               
              
              
PeaceIsNotNoob (
blue | 187 APM | 17854 actions | 95:40)
              
 6 Priestess of the Moon 
 1 Searing Arrows
 3 Trueshot Aura
 1 Scout
 1 Starfall
 5 Pit Lord 
 3 Rain of Fire
 2 Cleaving Attack
 
                » actions 
                
                | Assign group hotkey | 78 |  | 
| Basic commands | 1373 |  | 
| Build / train | 152 |  | 
| ESC pressed | 12 |  | 
| Enter build submenu | 56 |  | 
| Enter hero's abilities submenu | 11 |  | 
| Give item / drop item | 6 |  | 
| Remove unit from queue | 3 |  | 
| Right click | 5235 |  | 
| Select / deselect | 1500 |  | 
| Select group hotkey | 9126 |  | 
| Use ability | 302 |  | 
                17854 total
 » units 
                
                | Wisp | 32 |  | 
| Huntress | 6 |  | 
| Glaive Thrower | 2 |  | 
| Mountain Giant | 3 |  | 
| Dryad | 22 |  | 
| Hippogryph | 15 |  | 
| Chimaera | 13 |  | 
| Goblin Zeppelin | 5 |  | 
                98 total
 » upgrades
                
                | Ultravision | 1 |  | 
| Strength of the Moon | 1 |  | 
| Nature's Blessing | 1 |  | 
| Hardened Skin | 1 |  | 
| Resistant Skin | 1 |  | 
| Reinforced Hides | 3 |  | 
| Abolish Magic | 1 |  | 
| Strength of the Wild | 4 |  | 
| Corrosive Breath | 1 |  | 
                14 total
 » buildings
                
                | Altar of Elders | 1 |  | 
| Moon Well | 22 |  | 
| Ancient of War | 2 |  | 
| Hunter's Hall | 2 |  | 
| Tree of Life | 2 |  | 
| Ancient Protector | 14 |  | 
| Tree of Ages | 1 |  | 
| Ancient of Lore | 2 |  | 
| Ancient of Wonders | 1 |  | 
| Tree of Eternity | 4 |  | 
| Ancient of Wind | 1 |  | 
| Chimaera Roost | 3 |  | 
                55 total
 » build order
                00:09 Altar of Elders
00:20 Moon Well
01:54 Ancient of War
01:58 Hunter's Hall
02:13 Ancient of War
02:23 Moon Well
02:50 Moon Well
05:11 Moon Well
07:13 Tree of Life
07:16 Ancient Protector
07:19 Ancient Protector
08:01 Tree of Ages
08:36 Ancient Protector
10:38 Ancient of Lore
10:59 Ancient of Lore
11:01 Ancient of Wonders
11:31 Ancient Protector
11:33 Ancient Protector
12:22 Tree of Eternity
12:22 Tree of Eternity
12:22 Tree of Eternity
12:31 Moon Well
13:14 Moon Well
15:24 Ancient Protector
15:34 Ancient Protector
15:57 Ancient Protector
16:24 Ancient Protector
16:34 Moon Well
16:53 Ancient Protector
17:05 Ancient Protector
20:24 Moon Well
20:38 Moon Well
22:11 Ancient of Wind
23:39 Moon Well
26:19 Moon Well
27:03 Ancient Protector
27:35 Ancient Protector
27:37 Ancient Protector
31:27 Tree of Life
39:26 Chimaera Roost
47:52 Moon Well
48:12 Moon Well
48:16 Moon Well
50:06 Moon Well
50:10 Moon Well
50:41 Moon Well
51:53 Moon Well
52:34 Moon Well
53:33 Hunter's Hall
54:02 Chimaera Roost
58:14 Chimaera Roost
60:24 Moon Well
60:56 Moon Well
61:08 Moon Well
» items
                
                | Orb of Venom | 2 |  | 
| Staff of Preservation | 1 |  | 
| Boots of Speed | 1 |  | 
| Staff of Teleportation | 1 |  | 
| Scroll of Healing | 5 |  | 
| Potion of Lesser Invulnerability | 2 |  | 
                12 total
  
               
              
              
» 
pEacElovE (
orange | 66 APM | 6298 actions | 95:38)
              
 7 Blademaster 
 3 Wind Walk
 3 Critical Strike
 1 Bladestorm
 7 Shadow Hunter 
 3 Hex
 3 Healing Wave
 1 Big Bad Voodoo
 5 Tauren Chieftain 
 3 Shockwave
 2 Endurance Aura
 
                » actions 
                
                | Assign group hotkey | 106 |  | 
| Basic commands | 365 |  | 
| Build / train | 181 |  | 
| ESC pressed | 3 |  | 
| Enter build submenu | 46 |  | 
| Enter hero's abilities submenu | 19 |  | 
| Give item / drop item | 20 |  | 
| Right click | 2286 |  | 
| Select / deselect | 1569 |  | 
| Select group hotkey | 1172 |  | 
| Use ability | 531 |  | 
                6298 total
 » units 
                
                | Peon | 17 |  | 
| Grunt | 4 |  | 
| Raider | 14 |  | 
| Demolisher | 11 |  | 
| Troll Witch Doctor | 13 |  | 
| Kodo Beast | 3 |  | 
| Goblin Shredder | 3 |  | 
| Troll Batrider | 22 |  | 
| Shaman | 4 |  | 
| Spirit Walker | 3 |  | 
| Troll Headhunter/Berserker | 2 |  | 
| Tauren | 3 |  | 
| Goblin Zeppelin | 3 |  | 
                102 total
 » upgrades
                
                | Berserker Strength | 1 |  | 
| Ensnare | 1 |  | 
| Witch Doctor Training | 2 |  | 
| Burning Oil | 1 |  | 
| Pillage | 1 |  | 
| War Drums Damage Increase | 1 |  | 
| Reinforced Defenses | 1 |  | 
| Shaman Training | 2 |  | 
| Troll Regeneration | 1 |  | 
| Liquid Fire | 1 |  | 
| Armor | 3 |  | 
| Melee Weapons | 3 |  | 
| Spirit Walker Training | 2 |  | 
| Pulverize | 1 |  | 
| Envenomed Spears | 1 |  | 
| Ranged Weapons | 3 |  | 
| Berserker Upgrade | 1 |  | 
                26 total
 » buildings
                
                | Altar of Storms | 2 |  | 
| Orc Burrow | 11 |  | 
| Barracks | 1 |  | 
| Voodoo Lounge | 2 |  | 
| Stronghold | 1 |  | 
| War Mill | 1 |  | 
| Beastiary | 3 |  | 
| Great Hall | 2 |  | 
| Watch Tower | 15 |  | 
| Spirit Lodge | 2 |  | 
| Fortress | 1 |  | 
| Tauren Totem | 1 |  | 
                42 total
 » build order
                00:08 Altar of Storms
00:10 Altar of Storms
00:20 Orc Burrow
00:37 Barracks
01:35 Orc Burrow
01:54 Voodoo Lounge
03:23 Stronghold
04:04 Orc Burrow
04:08 Orc Burrow
06:09 War Mill
06:25 Beastiary
07:08 Great Hall
07:43 Watch Tower
07:48 Orc Burrow
08:18 Spirit Lodge
09:18 Watch Tower
09:42 Orc Burrow
10:26 Fortress
11:36 Orc Burrow
15:12 Watch Tower
15:13 Watch Tower
16:25 Watch Tower
16:27 Watch Tower
16:55 Watch Tower
16:56 Watch Tower
18:50 Orc Burrow
18:51 Watch Tower
20:42 Watch Tower
20:55 Spirit Lodge
20:57 Tauren Totem
22:31 Beastiary
22:34 Orc Burrow
23:21 Watch Tower
25:27 Watch Tower
33:58 Watch Tower
35:15 Watch Tower
35:17 Great Hall
36:09 Orc Burrow
37:40 Watch Tower
39:55 Voodoo Lounge
55:53 Orc Burrow
63:37 Beastiary
» items
                
                | Healing Salve | 4 |  | 
| Scroll of Speed | 3 |  | 
| Boots of Speed | 1 |  | 
| Lesser Clarity Potion | 10 |  | 
| Gloves of Haste | 1 |  | 
| Circlet of Nobility | 1 |  | 
| Potion of Mana | 2 |  | 
| Orb of Lightning | 2 |  | 
| Potion of Healing | 1 |  | 
| Orb of Venom | 1 |  | 
| Staff of Teleportation | 1 |  | 
| Potion of Lesser Invulnerability | 1 |  | 
| Pendant of Mana | 1 |  | 
                29 total
  
               team 2 (winner) 
              
              
ASIANDlCKSARE (
pink | 104 APM | 9959 actions | 95:46)
              
 3 Blademaster 
 2 Wind Walk
 1 Critical Strike
 3 Goblin Alchemist 
 1 Acid Bomb
 2 Chemical Rage
 1 Paladin 
 1 Holy Light
 
                » actions 
                
                | Assign group hotkey | 173 |  | 
| Basic commands | 132 |  | 
| Build / train | 65 |  | 
| ESC pressed | 6 |  | 
| Enter build submenu | 30 |  | 
| Enter hero's abilities submenu | 7 |  | 
| Give item / drop item | 8 |  | 
| Right click | 4853 |  | 
| Select / deselect | 731 |  | 
| Select group hotkey | 3532 |  | 
| Use ability | 422 |  | 
                9959 total
 » units 
                » upgrades
                
                | Liquid Fire | 1 |  | 
| Reinforced Defenses | 1 |  | 
                2 total
 » buildings
                
                | Altar of Storms | 1 |  | 
| Orc Burrow | 5 |  | 
| Voodoo Lounge | 2 |  | 
| War Mill | 1 |  | 
| Watch Tower | 9 |  | 
| Stronghold | 2 |  | 
| Fortress | 2 |  | 
| Beastiary | 2 |  | 
                24 total
 » build order
                00:08 Altar of Storms
00:13 Orc Burrow
00:47 Voodoo Lounge
01:19 War Mill
01:51 Orc Burrow
02:40 Watch Tower
03:00 Stronghold
03:01 Stronghold
03:10 Watch Tower
03:37 Watch Tower
03:47 Watch Tower
05:00 Watch Tower
05:46 Watch Tower
05:56 Watch Tower
07:11 Fortress
07:12 Fortress
07:24 Watch Tower
08:38 Beastiary
08:40 Beastiary
08:46 Orc Burrow
08:47 Orc Burrow
09:01 Orc Burrow
12:13 Watch Tower
12:23 Voodoo Lounge
» items
                
                | Healing Salve | 3 |  | 
| Lesser Clarity Potion | 4 |  | 
| Boots of Speed | 2 |  | 
| Staff of Teleportation | 2 |  | 
| Circlet of Nobility | 2 |  | 
| Dust of Appearance | 1 |  | 
| Scroll of Town Portal | 1 |  | 
| Orb of Lightning | 1 |  | 
| Amulet of Spell Shield | 1 |  | 
| Potion of Lesser Invulnerability | 1 |  | 
                18 total
  
               
              
              
FourInchesHard (
green | 93 APM | 8925 actions | 95:41)
              
 8 Archmage 
 3 Blizzard
 3 Brilliance Aura
 1 Mass Teleport
 1 Summon Water Elemental
 6 Blood Mage 
 3 Flame Strike
 1 Siphon Mana
 1 Banish
 1 Summon Phoenix
 8 Mountain King 
 3 Storm Bolt
 3 Bash
 1 Avatar
 1 Thunder Clap
 
                » actions 
                
                | Assign group hotkey | 43 |  | 
| Basic commands | 81 |  | 
| Build / train | 191 |  | 
| ESC pressed | 2 |  | 
| Enter build submenu | 115 |  | 
| Enter hero's abilities submenu | 24 |  | 
| Give item / drop item | 16 |  | 
| Right click | 4598 |  | 
| Select / deselect | 1674 |  | 
| Select group hotkey | 1429 |  | 
| Use ability | 750 |  | 
                8925 total
 » units 
                
                | Peasant | 22 |  | 
| Priest | 4 |  | 
| Sorceress | 4 |  | 
| Goblin Zeppelin | 1 |  | 
| Goblin Shredder | 1 |  | 
| Dragonhawk Rider | 20 |  | 
                52 total
 » upgrades
                
                | Masonry | 3 |  | 
| Backpack | 1 |  | 
| Lumber Harvesting | 1 |  | 
| Magic Sentry | 1 |  | 
| Sorceress Training | 2 |  | 
| Priest Training | 2 |  | 
| Cloud | 1 |  | 
| Armor | 3 |  | 
| Swords | 3 |  | 
| Animal War Training | 1 |  | 
                18 total
 » buildings
                
                | Altar of Kings | 1 |  | 
| Scout Tower | 109 |  | 
| Farm | 19 |  | 
| Lumber Mill | 2 |  | 
| Arcane Tower | 18 |  | 
| Guard Tower | 42 |  | 
| Town Hall | 3 |  | 
| Arcane Vault | 2 |  | 
| Keep | 2 |  | 
| Arcane Sanctum | 1 |  | 
| Castle | 1 |  | 
| Gryphon Aviary | 3 |  | 
| Barracks | 1 |  | 
| Blacksmith | 1 |  | 
                205 total
 » build order
                00:07 Altar of Kings
00:21 Scout Tower
00:24 Farm
00:45 Lumber Mill
00:55 Arcane Tower
01:22 Farm
01:37 Scout Tower
02:15 Guard Tower
03:07 Scout Tower
03:37 Scout Tower
03:42 Scout Tower
03:50 Scout Tower
03:52 Scout Tower
03:55 Scout Tower
03:58 Guard Tower
04:02 Scout Tower
04:13 Guard Tower
04:20 Scout Tower
04:23 Scout Tower
04:27 Arcane Tower
04:31 Guard Tower
04:41 Scout Tower
04:44 Scout Tower
05:06 Guard Tower
05:19 Town Hall
05:24 Guard Tower
05:36 Scout Tower
05:38 Scout Tower
05:40 Arcane Tower
06:03 Scout Tower
06:14 Arcane Vault
06:18 Guard Tower
06:19 Guard Tower
06:21 Scout Tower
06:26 Guard Tower
06:36 Guard Tower
06:39 Scout Tower
07:04 Guard Tower
07:11 Scout Tower
07:14 Scout Tower
07:15 Scout Tower
07:18 Guard Tower
07:19 Scout Tower
07:40 Keep
07:43 Scout Tower
07:45 Scout Tower
07:56 Arcane Tower
07:59 Guard Tower
08:02 Scout Tower
08:03 Scout Tower
08:16 Farm
08:35 Arcane Tower
08:36 Guard Tower
09:07 Scout Tower
09:08 Scout Tower
09:09 Scout Tower
09:12 Arcane Tower
09:13 Guard Tower
09:16 Scout Tower
09:17 Scout Tower
09:48 Guard Tower
09:52 Farm
09:56 Scout Tower
09:57 Scout Tower
09:57 Scout Tower
09:59 Scout Tower
10:10 Guard Tower
10:28 Arcane Sanctum
10:41 Arcane Tower
10:52 Guard Tower
11:31 Scout Tower
11:32 Scout Tower
11:35 Scout Tower
11:36 Scout Tower
11:40 Arcane Tower
12:27 Castle
12:28 Guard Tower
12:45 Arcane Tower
12:47 Guard Tower
13:24 Farm
13:48 Scout Tower
13:49 Scout Tower
13:49 Scout Tower
13:51 Scout Tower
13:52 Scout Tower
14:37 Arcane Tower
14:39 Guard Tower
15:14 Guard Tower
17:00 Guard Tower
20:42 Scout Tower
21:11 Arcane Tower
21:12 Scout Tower
21:16 Scout Tower
21:17 Scout Tower
21:18 Scout Tower
21:23 Scout Tower
21:24 Scout Tower
21:24 Scout Tower
21:26 Scout Tower
21:57 Guard Tower
22:05 Scout Tower
22:07 Scout Tower
22:08 Scout Tower
22:09 Scout Tower
22:09 Scout Tower
22:38 Arcane Tower
22:40 Guard Tower
22:43 Scout Tower
22:43 Scout Tower
22:44 Scout Tower
22:50 Guard Tower
23:19 Guard Tower
23:55 Guard Tower
23:56 Scout Tower
23:58 Scout Tower
23:59 Scout Tower
24:27 Guard Tower
24:40 Guard Tower
24:48 Scout Tower
24:49 Scout Tower
24:50 Scout Tower
24:53 Scout Tower
24:53 Scout Tower
25:33 Guard Tower
26:01 Arcane Tower
27:12 Town Hall
27:18 Scout Tower
27:19 Scout Tower
27:20 Scout Tower
27:22 Scout Tower
27:22 Scout Tower
28:00 Guard Tower
28:21 Guard Tower
33:56 Scout Tower
33:58 Scout Tower
34:02 Scout Tower
34:02 Scout Tower
34:19 Scout Tower
34:47 Guard Tower
34:51 Arcane Tower
40:26 Guard Tower
44:53 Gryphon Aviary
44:55 Gryphon Aviary
44:57 Barracks
45:00 Blacksmith
45:04 Farm
45:06 Farm
45:07 Farm
45:11 Farm
45:12 Farm
47:37 Farm
47:38 Farm
47:47 Farm
50:26 Scout Tower
50:27 Scout Tower
50:28 Scout Tower
50:29 Scout Tower
51:25 Guard Tower
52:51 Scout Tower
52:53 Scout Tower
52:57 Scout Tower
53:02 Town Hall
53:34 Guard Tower
53:39 Scout Tower
53:48 Scout Tower
56:07 Scout Tower
56:08 Scout Tower
56:09 Scout Tower
56:10 Scout Tower
57:33 Guard Tower
57:36 Scout Tower
57:38 Scout Tower
57:39 Scout Tower
59:00 Guard Tower
59:25 Scout Tower
60:19 Scout Tower
60:20 Scout Tower
60:21 Scout Tower
60:43 Lumber Mill
61:04 Arcane Tower
61:14 Arcane Tower
61:20 Scout Tower
61:24 Scout Tower
61:59 Guard Tower
63:11 Guard Tower
63:14 Scout Tower
64:22 Arcane Tower
66:39 Scout Tower
66:40 Scout Tower
66:42 Scout Tower
66:44 Scout Tower
66:45 Scout Tower
68:05 Guard Tower
70:59 Scout Tower
71:04 Scout Tower
73:12 Arcane Tower
77:03 Farm
77:04 Farm
77:06 Farm
78:21 Keep
79:56 Arcane Vault
80:45 Gryphon Aviary
81:33 Farm
81:35 Farm
81:35 Farm
» items
                
                | Staff of Teleportation | 3 |  | 
| Boots of Speed | 3 |  | 
| Healing Salve | 1 |  | 
| Scroll of Regeneration | 2 |  | 
| Potion of Healing | 5 |  | 
| Scroll of Town Portal | 2 |  | 
| Mechanical Critter | 2 |  | 
| Khadgar's Gem of Health | 3 |  | 
| Orb of Lightning | 1 |  | 
| Staff of Sanctuary | 3 |  | 
| Potion of Mana | 1 |  | 
| Potion of Invisibility | 1 |  | 
| Dust of Appearance | 1 |  | 
| Staff of Silence | 1 |  | 
| Pendant of Mana | 1 |  | 
| Legion Doom-Horn | 1 |  | 
| Ancient Janggo of Endurance | 1 |  | 
                32 total
  
               
              
              
Learn2PlayHere (
red | 40 APM | 3875 actions | 95:41)
              
 4 Archmage 
 2 Blizzard
 2 Brilliance Aura
 4 Mountain King 
 2 Storm Bolt
 2 Bash
 7 Paladin 
 3 Holy Light
 3 Divine Shield
 1 Devotion Aura
 
                » actions 
                
                | Assign group hotkey | 4 |  | 
| Basic commands | 3 |  | 
| Build / train | 151 |  | 
| ESC pressed | 1 |  | 
| Enter build submenu | 54 |  | 
| Enter hero's abilities submenu | 16 |  | 
| Give item / drop item | 5 |  | 
| Right click | 2245 |  | 
| Select / deselect | 726 |  | 
| Select group hotkey | 292 |  | 
| Use ability | 377 |  | 
                3875 total
 » units 
                
                | Peasant | 24 |  | 
| Priest | 2 |  | 
| Sorceress | 1 |  | 
| Dragonhawk Rider | 33 |  | 
                60 total
 » upgrades
                
                | Masonry | 3 |  | 
| Magic Sentry | 1 |  | 
| Sorceress Training | 1 |  | 
| Lumber Harvesting | 2 |  | 
| Cloud | 1 |  | 
| Priest Training | 1 |  | 
| Animal War Training | 1 |  | 
| Armor | 3 |  | 
| Swords | 3 |  | 
                16 total
 » buildings
                
                | Altar of Kings | 1 |  | 
| Farm | 15 |  | 
| Lumber Mill | 1 |  | 
| Scout Tower | 55 |  | 
| Arcane Tower | 2 |  | 
| Guard Tower | 29 |  | 
| Arcane Vault | 1 |  | 
| Keep | 1 |  | 
| Castle | 1 |  | 
| Arcane Sanctum | 1 |  | 
| Gryphon Aviary | 1 |  | 
| Town Hall | 2 |  | 
| Barracks | 1 |  | 
| Blacksmith | 1 |  | 
                112 total
 » build order
                00:06 Altar of Kings
00:19 Farm
00:52 Farm
01:07 Lumber Mill
01:18 Scout Tower
01:26 Scout Tower
01:31 Scout Tower
01:45 Arcane Tower
02:01 Scout Tower
02:03 Arcane Tower
02:59 Guard Tower
03:01 Scout Tower
03:18 Arcane Vault
03:57 Guard Tower
03:59 Scout Tower
04:14 Keep
04:19 Scout Tower
04:28 Guard Tower
04:31 Scout Tower
04:31 Scout Tower
05:08 Guard Tower
05:09 Scout Tower
05:10 Guard Tower
05:21 Farm
05:24 Guard Tower
05:29 Scout Tower
05:32 Scout Tower
05:32 Scout Tower
05:35 Guard Tower
06:05 Guard Tower
06:22 Scout Tower
06:23 Scout Tower
06:24 Scout Tower
06:50 Guard Tower
07:08 Scout Tower
07:11 Castle
07:15 Guard Tower
07:51 Guard Tower
07:55 Scout Tower
08:05 Guard Tower
08:09 Arcane Sanctum
08:23 Guard Tower
09:36 Farm
10:25 Farm
11:58 Scout Tower
11:58 Scout Tower
13:35 Guard Tower
13:38 Gryphon Aviary
13:46 Scout Tower
13:47 Scout Tower
13:48 Scout Tower
13:49 Scout Tower
13:56 Scout Tower
13:57 Scout Tower
13:58 Scout Tower
13:59 Scout Tower
14:30 Guard Tower
15:35 Guard Tower
16:25 Guard Tower
16:32 Farm
16:53 Scout Tower
16:55 Scout Tower
16:56 Scout Tower
16:57 Scout Tower
17:29 Guard Tower
18:02 Guard Tower
18:05 Scout Tower
18:06 Scout Tower
18:07 Scout Tower
18:07 Scout Tower
18:46 Guard Tower
18:49 Scout Tower
19:01 Guard Tower
19:31 Guard Tower
19:49 Guard Tower
19:53 Scout Tower
19:54 Scout Tower
19:54 Scout Tower
19:55 Scout Tower
19:56 Scout Tower
19:56 Scout Tower
20:01 Town Hall
20:24 Guard Tower
21:01 Guard Tower
21:23 Guard Tower
21:26 Scout Tower
21:26 Scout Tower
21:27 Scout Tower
21:28 Scout Tower
21:28 Scout Tower
21:29 Scout Tower
21:40 Scout Tower
21:42 Scout Tower
21:43 Scout Tower
21:45 Scout Tower
21:46 Scout Tower
21:47 Scout Tower
21:57 Guard Tower
22:35 Guard Tower
23:44 Guard Tower
29:07 Barracks
29:08 Blacksmith
29:38 Town Hall
47:50 Farm
48:02 Farm
48:23 Farm
48:36 Farm
48:39 Farm
48:46 Farm
49:24 Farm
49:26 Farm
49:28 Farm
» items
                
                | Scroll of Regeneration | 4 |  | 
| Boots of Speed | 3 |  | 
| Staff of Teleportation | 4 |  | 
| Staff of Sanctuary | 3 |  | 
| Scroll of Town Portal | 3 |  | 
| Pendant of Mana | 1 |  | 
| Legion Doom-Horn | 1 |  | 
| Orb of Fire | 2 |  | 
| Staff of Silence | 1 |  | 
                22 total
  
                Chat log
          (00:13 / All) FourInchesHard: yo
(00:17 / All) FourInchesHard: welcome to silverpine
(00:29 / All) FourInchesHard: lets have a mannered game
(00:31 / All) PeaceIsNotNoob: 銬北喔..幹
(00:31 / All) Learn2PlayHere: its a beautiful place
(00:34 / All) Learn2PlayHere: dont ruin its
(00:39 / All) Learn2PlayHere: natural glory
(00:41 / All) pEacElovE: 很兇唷
(00:43 / All) Help_PeacE: Fuck you noob
(00:47 / All) FourInchesHard:  
(00:56 / All) Learn2PlayHere: if its only 4 inches
(00:57 / All) PeaceIsNotNoob: gg ^.^
(00:59 / All) Learn2PlayHere: it wont hurt
(01:00 / All) FourInchesHard: everyone say Gl Hf
(01:05 / All) FourInchesHard: gl hf
(01:25 / All) Help_PeacE: fuck ur ass and hf ^^
(01:29 / All) FourInchesHard: gl
(01:29 / All) ASIANDlCKSARE: haahhahahah haha
(01:30 / All) FourInchesHard: hf
(01:34 / All) Learn2PlayHere: gl
(01:35 / All) Learn2PlayHere: hf
(01:51 / All) FourInchesHard: gl + hf
(02:02 / All) ASIANDlCKSARE: ^^ what he said
(02:08 / All) FourInchesHard:  
(02:34 / All) ASIANDlCKSARE: TT
(04:52 / Allies) FourInchesHard: welp
(06:31 / Allies) Learn2PlayHere: seige
(08:29 / Allies) FourInchesHard: oh
(08:29 / Allies) FourInchesHard: gay
(08:31 / Allies) Learn2PlayHere: hes towering
(08:33 / Allies) Learn2PlayHere: and taking
(08:34 / Allies) Learn2PlayHere: my expo
(08:51 / Allies) ASIANDlCKSARE: your friends
(08:53 / Allies) ASIANDlCKSARE: are big faggots
(14:46 / Allies) FourInchesHard: lol
(15:04 / Allies) FourInchesHard: he just ran his blade into my towers then around until it died
(18:31 / Allies) ASIANDlCKSARE: gg
(21:13 / Allies) FourInchesHard: yes
(22:22 / Allies) FourInchesHard: staff and laugh
(22:24 / Allies) FourInchesHard: you fucked it up
(22:33 / Allies) FourInchesHard: no
(24:04 / Allies) FourInchesHard: i just killed it
(29:04 / Allies) FourInchesHard: k need mana first
(29:24 / Allies) ASIANDlCKSARE: cobntrol
(29:28 / Allies) ASIANDlCKSARE: so i can dispel n shit
(29:49 / Allies) FourInchesHard: big mana
(29:56 / Allies) FourInchesHard: yah
(30:21 / Allies) FourInchesHard: wisps
(30:22 / Allies) FourInchesHard: for exp
(30:36 / Allies) FourInchesHard: tt
(30:44 / Allies) FourInchesHard: gogog
(31:15 / Allies) FourInchesHard: welp
(31:36 / Allies) FourInchesHard: hit that shredder?
(33:34 / Allies) FourInchesHard: no orbs is gay
(36:01 / Allies) FourInchesHard: oh lol i went tri skill
(36:03 / Allies) FourInchesHard: at level 3
(39:28 / Allies) FourInchesHard: so gay
(39:36 / Allies) FourInchesHard: how long does that shit want to lastr
(39:44 / Allies) Learn2PlayHere: hes got lvl 3 roots
(39:57 / Allies) Learn2PlayHere: like 18 or something
(39:58 / Allies) FourInchesHard: also i hit banish right as i got hexed/rooted
(41:17 / Allies) ASIANDlCKSARE: we should def. p erch
(41:34 / Allies) FourInchesHard: tt
(42:08 / Allies) FourInchesHard: just shackle
(42:18 / Allies) FourInchesHard: shackle and dodge
(42:30 / Allies) FourInchesHard: you were sitting by towers
(42:37 / Allies) ASIANDlCKSARE: mas
(42:49 / Allies) FourInchesHard: also
(43:15 / Allies) FourInchesHard: lol
(43:17 / Allies) FourInchesHard: owned
(44:47 / Allies) ASIANDlCKSARE: a couple more
(45:47 / Allies) Learn2PlayHere: ahahaha
(47:19 / All) Help_PeacE: g_g fucking n@@bs
(47:23 / All) Help_PeacE: no money ^^
(47:23 / All) ASIANDlCKSARE: O_O?
(47:24 / Allies) Learn2PlayHere: gonna go 100 food hawks now
(47:43 / Allies) FourInchesHard: im going to soon also
(49:03 / Allies) Learn2PlayHere: im in upkeep
(49:06 / Allies) Learn2PlayHere: dont send me anything
(49:07 / Allies) FourInchesHard: me too
(49:21 / Allies) Learn2PlayHere: just making sure u know :P
(53:37 / Allies) FourInchesHard: no it should be ok
(55:20 / All) pEacElovE: nice mh
(55:25 / All) Learn2PlayHere: ahahahaha
(55:36 / All) ASIANDlCKSARE: im sure u had ur eyes closed when u ran by towers and the arrow hit u
(55:52 / All) ASIANDlCKSARE: im playing with both eyes closed as we speak
(57:18 / All) Help_PeacE: G_G n@@b TD2009 !!
(57:23 / All) ASIANDlCKSARE: ff
(57:24 / All) ASIANDlCKSARE: GG
(58:50 / Allies) FourInchesHard: fucking hell
(59:27 / All) ASIANDlCKSARE: u still gotta kill red LOL
(62:07 / All) Help_PeacE: MORE towers plz
(62:17 / All) PeaceIsNotNoob: nice gg
(62:19 / All) PeaceIsNotNoob: manner plz
(62:20 / All) PeaceIsNotNoob: lol
(62:21 / All) Help_PeacE: where are towers ?
(62:22 / All) ASIANDlCKSARE: gg
(62:29 / All) Help_PeacE: manner ur asshole
(62:31 / All) PeaceIsNotNoob: creep will come
(62:38 / All) PeaceIsNotNoob: run 
(62:40 / All) PeaceIsNotNoob: run 
(62:41 / All) PeaceIsNotNoob: hurry
(63:07 / All) ASIANDlCKSARE: gg
(63:27 / All) ASIANDlCKSARE: welcome to silverpine
(63:33 / All) ASIANDlCKSARE: please enjoy your stay
(65:28 / Allies) FourInchesHard: no
(65:30 / Allies) FourInchesHard: it was on bm
(65:35 / Allies) FourInchesHard: nope
(69:48 / Allies) FourInchesHard: yes
(75:13 / Allies) FourInchesHard: goddd
(77:14 / Allies) FourInchesHard: im going to get my bm back
(80:01 / All) ASIANDlCKSARE: i cant wait to tower angry nerds like you in SC2
(82:49 / Allies) FourInchesHard: welppp
(83:01 / Allies) FourInchesHard: yeah
(83:03 / Allies) FourInchesHard: me too
(83:06 / Allies) FourInchesHard: should have just staved!
(84:33 / All) FourInchesHard: yo ive got until next tuesday off so i dont mind playing this game out just fyi
(87:39 / Allies) FourInchesHard: welp
(87:52 / Allies) FourInchesHard: welp
(88:54 / Allies) FourInchesHard: nice
(89:02 / Allies) FourInchesHard: i guess we could
(90:25 / All) FourInchesHard: 2 e z?
(94:01 / All) FourInchesHard: also in a peace themed gimmick game you didnt make peacesellsbutwhosbuying
(94:04 / Allies) FourInchesHard: thereforeyou are a noob
(94:18 / All) FourInchesHard: therefore you are a bunch of noobs
(94:51 / All) FourInchesHard: 2 e z
(95:28 / Allies) FourInchesHard: rpbo.
(95:31 / Allies) FourInchesHard: but phoenix is cooled
(95:34 / Allies) FourInchesHard: cooler
(95:37 / Allies) Learn2PlayHere: yup
(95:38 / Allies) Learn2PlayHere: 4sure